Map: Echo LE (Void)

Players

Fropez

  • Race: Protoss Protoss
  • League: Gold
  • Spawn Location: 5:00

DMND - Winner!

  • Race: Terran Terran
  • League: Gold
  • Spawn Location: 11:00

VOD

Have the link to the VOD?

Description

Time

  • Played on: Dec. 31, 2016, 8:58 p.m.
  • Length: 11:25
Show
View Real Time Build Order
Export as new Build Order

Fropez Protoss 

Build Orders:  

Get SALT Encoding   

  12  0:01  Probe (Chrono Boost)  
  13  0:11  Probe (Chrono Boost)  
  14  0:24  Probe (Chrono Boost)  
  14  0:25  Pylon  
  15  0:43  Probe (Chrono Boost)  
  15  0:45  Forge  
  16  0:54  Probe (Chrono Boost), Assimilator  
  17  1:04  Probe (Chrono Boost)  
  18  1:15  Probe (Chrono Boost)  
  18  1:17  Pylon  
  19  1:22  Pylon  
  19  1:27  Pylon  
  19  1:46  Photon Cannon  
  19  1:51  Photon Cannon  
  18  1:54  Probe (Chrono Boost)  
  18  2:04  Probe (Chrono Boost)  
  18  2:06  Nexus  
  19  2:13  Assimilator  
  19  2:24  Gateway  
  19  2:31  Gateway  
  19  2:40  Probe (Chrono Boost)  
  19  2:43  Pylon  
  20  2:46  Assimilator  
  20  2:50  Probe (Chrono Boost)  
  21  3:01  Probe (Chrono Boost)  
  22  3:20  Probe (Chrono Boost)  
  22  3:21  Probe (Chrono Boost)  
  24  3:29  Pylon  
  24  3:31  Zealot x2  
  24  3:32  Cybernetics Core  
  28  3:39  Pylon  
  28  3:47  Probe (Chrono Boost), Protoss Ground Weapons Level 1  
  30  3:48  Probe (Chrono Boost)  
  30  3:54  Pylon  
  30  3:58  Probe (Chrono Boost)  
  30  4:02  Probe (Chrono Boost)  
  32  4:06  Warp Gate  
  32  4:08  Probe (Chrono Boost)  
  31  4:39  Probe (Chrono Boost)  
  31  4:42  Stalker x2  
  33  4:57  Photon Cannon  
  33  4:59  Photon Cannon  
  33  5:04  Mothership Core (Chrono Boost)  
  33  5:06  Pylon  
  33  5:12  Stalker  
  35  5:14  Stalker  
  37  5:24  Probe (Chrono Boost)  
  38  5:37  Twilight Council  
  38  5:42  Probe x2 (Chrono Boost), Stalker  
  42  5:44  Stalker  
  44  5:58  Probe (Chrono Boost)  
  44  5:59  Probe (Chrono Boost), Protoss Ground Armor Level 1  
  44  6:03  Assimilator  
  46  6:08  Probe (Chrono Boost)  
  48  6:11  Probe (Chrono Boost)  
  48  6:12  Pylon  
  48  6:19  Probe (Chrono Boost)  
  49  6:30  Pylon  
  48  6:34  Stalker x2  
  48  6:39  Probe (Chrono Boost)  
  54  6:40  Probe (Chrono Boost)  
  50  6:49  Twilight Council  
  50  6:52  Probe (Chrono Boost)  
  50  6:55  Pylon  
  50  6:58  Probe (Chrono Boost), Blink  
  50  6:59  Pylon  
  51  7:04  Probe (Chrono Boost)  
  51  7:06  Pylon  
  52  7:08  Pylon  
  52  7:12  Robotics Facility  
  52  7:18  Photon Cannon  
  52  7:21  Probe (Chrono Boost)  
  52  7:22  Probe (Chrono Boost)  
  51  7:31  Probe (Chrono Boost)  
  51  7:33  Assimilator  
  51  7:34  Probe (Chrono Boost)  
  53  7:38  Stalker  
  53  7:40  Stalker  
  57  8:11  Warp Prism  
  59  8:14  Stalker x2  
  64  8:41  Probe (Chrono Boost)  
  64  8:43  Probe (Chrono Boost)  
  65  8:55  Photon Cannon  
  65  9:01  Stalker  
  67  9:04  Pylon  
  67  9:09  Observer  
  60  9:28  Immortal  
  60  9:35  Gateway  
  64  9:39  Gateway  
  64  9:42  Gateway  
  60  9:51  Pylon  
  60  9:59  Gateway  
  49  10:06  Immortal  
  49  10:10  Forge  
  49  10:11  Probe (Chrono Boost), Gateway  
  49  10:13  Pylon, Probe (Chrono Boost)  
  46  10:45  Immortal  
  46  10:49  Stalker  
  52  10:50  Stalker  
  53  11:03  Probe (Chrono Boost)  
  55  11:07  Stalker  
Show
View Real Time Build Order
Export as new Build Order

DMND Terran - Winner!

Build Orders:  

Get SALT Encoding   

  12  0:01  SCV  
  13  0:13  SCV  
  14  0:18  Supply Depot  
  14  0:25  SCV  
  15  0:30  Refinery  
  15  0:40  SCV  
  16  0:45  Barracks  
  16  0:52  SCV  
  18  1:04  SCV  
  18  1:16  SCV  
  19  1:28  SCV  
  20  1:33  Reaper  
  21  1:40  SCV  
  22  1:52  SCV  
  23  2:33  Supply Depot  
  23  2:37  Supply Depot  
  23  2:39  Orbital Command  
  23  2:45  Barracks Reactor  
  23  2:59  Factory  
  23  3:00  Refinery  
  23  3:06  SCV  
  24  3:21  SCV  
  24  3:23  Marine x2  
  27  3:33  SCV  
  28  3:41  Marine x2  
  28  3:46  SCV  
  31  3:52  Cyclone  
  34  3:58  SCV  
  35  4:11  Marine x2  
  35  4:15  SCV  
  38  4:27  SCV, Starport  
  38  4:36  Supply Depot  
  38  4:39  SCV  
  38  4:40  Command Center  
  39  4:57  Widow Mine  
  39  4:58  Marine x2, SCV  
  44  5:10  SCV  
  44  5:12  Medivac  
  47  5:16  Supply Depot  
  47  5:17  Marine x2  
  49  5:22  SCV  
  49  5:26  Widow Mine  
  52  5:34  SCV  
  53  5:36  Marine x2  
  53  5:41  Barracks  
  53  5:42  Barracks, Medivac  
  57  5:43  Engineering Bay  
  57  5:46  SCV  
  58  5:53  Marine  
  59  6:00  SCV  
  59  6:01  Marine  
  59  6:02  Factory Tech Lab  
  61  6:11  Marine  
  61  6:13  SCV  
  61  6:14  Missile Turret  
  63  6:18  Supply Depot  
  63  6:19  Starport Reactor  
  63  6:22  Marine  
  63  6:23  Siege Tank  
  63  6:25  SCV  
  68  6:33  Marine  
  68  6:36  Barracks Tech Lab  
  68  6:37  SCV, Barracks Tech Lab  
  70  6:40  Marine, Supply Depot, Liberator  
  71  6:49  SCV  
  71  6:51  Marine  
  73  6:55  Siege Tank  
  73  7:01  SCV  
  80  7:03  Orbital Command  
  80  7:13  SCV  
  81  7:19  Supply Depot  
  81  7:21  Stimpack  
  81  7:25  SCV  
  81  7:27  Marine x2  
  84  7:31  Combat Shields  
  84  7:37  SCV  
  85  7:51  Marine x2  
  85  7:53  Marine x2  
  85  7:54  Siege Tank  
  90  7:58  Refinery, Liberator  
  90  8:00  Supply Depot, Refinery  
  90  8:01  Supply Depot  
  90  8:09  Marine x2  
  90  8:11  Marine x2  
  92  8:26  Marine  
  92  8:27  Marine  
  93  8:34  Marine x2  
  93  8:38  Siege Tank  
  93  8:39  SCV x2  
  99  8:43  Engineering Bay  
  99  8:44  Marine x2  
  101  8:51  SCV x2  
  101  8:52  Marine x2  
  99  9:02  Marine x2  
  100  9:03  SCV x2  
  100  9:09  Marine  
  103  9:10  Marine  
  103  9:15  SCV x2  
  107  9:20  Marine  
  105  9:27  Marine x2  
  105  9:30  Marine  
  108  9:38  Marine  
  109  9:45  Marine x2  
  105  9:48  Marine  
  102  9:55  SCV x2  
  102  9:56  Marine  
  103  10:03  Marine x2  
  105  10:09  Marine  
  105  10:10  SCV x2  
  105  10:13  Marine  
  109  10:21  Marine x2  
  109  10:22  SCV x2  
  109  10:26  Marine  
  110  10:31  Marine, Medivac  
  110  10:34  SCV  
  114  10:36  SCV  
  114  10:39  Marine x2  
  117  10:44  Marine  
  118  10:54  Supply Depot  
  118  11:01  Supply Depot  
  118  11:02  Supply Depot  
Tags
 
League
GoldGold
Matchup
PvT
Replay Pack
All Mines
Spawn Locations
Cross Positions
Add a new tag
Caveats
  • Supply blocks, unpowered buildings, or Contaminate may cause inaccurate times.
  • Supply counts are checked every 10 seconds.